 Dungeon Crawl Stone Soup version 0.28.0-53-g5a82cb258f (webtiles) character file.

Game seed: 16426035367154347424

7242 JhonaSan2K the Fighter (level 10, -6/84 (91) HPs)
             Began as a Minotaur Fighter on June 2, 2022.
             Was a Priest of Trog.
             Mangled by an orc warrior
             ... wielding a +0 glaive
             ... led by an orc warlord
              (25 damage)
             ... on level 1 of the Orcish Mines.
             The game lasted 00:21:21 (11988 turns).

JhonaSan2K the Fighter (Minotaur Fighter)          Turns: 11988, Time: 00:21:21

HP:   -6/84 (91)    AC: 13    Str: 33    XL:     10   Next: 88%
MP:   8/8           EV: 15    Int:  5    God:    Trog [***...]
Gold: 500           SH:  6    Dex: 16    Spells: 9/9 levels left

rFire   . . .      SeeInvis .   H - +12 rapier of Dishonesty {vamp, Fragile rElec rN+ Str+8}
rCold   . . .      Faith    .   c - +0 buckler
rNeg    + . .      Spirit   .   o - +5 ring mail
rPois   .          Reflect  .   (helmet restricted)
rElec   +          Harm     .   n - +0 cloak
rCorr   +          Rampage  .   (no gloves)
Will    .....                   (no boots)
Stlth   +.........              (no amulet)
HPRegen 0.24/turn               u - +6 ring of dexterity
MPRegen 0.11/turn               y - ring of resist corrosion

@: drained
A: horns 2, retaliatory headbutt, low MP 1
a: Renounce Religion, Berserk, Trog's Hand


You were on level 1 of the Orcish Mines.
You worshipped Trog.
Trog was most pleased with you.
You visited 3 branches of the dungeon, and saw 11 of its levels.

You collected 500 gold pieces.

Inventory:

Hand Weapons
 a - a +0 war axe
 i - a +2 long sword
 m - a +2 quarterstaff of chaos
 A - a +0 flail of protection
 F - a +2 halberd of freezing
 G - a +2 spear
 H - the +12 rapier of Dishonesty (weapon) {vamp, Fragile rElec rN+ Str+8}
   (You found it on level 9 of the Dungeon)

   It occasionally heals its wielder for a portion of the damage dealt when it
   wounds a living foe.
   Str:       It affects your strength (+8).
   rElec:     It insulates you from electricity.
   rN:        It protects you from negative energy.
   Fragile:   It will be destroyed if unequipped.
Missiles
 g - 282 stones (quivered)
 j - 2 throwing nets
 J - 9 poisoned darts
Armour
 c - a +0 buckler (worn)
 n - a +0 cloak (worn)
 o - a +5 ring mail (worn)
Jewellery
 u - a +6 ring of dexterity (left hand)
 v - a +6 ring of dexterity
 x - a ring of protection from fire
 y - a ring of resist corrosion (right hand)
Wands
 d - a wand of charming (3)
 r - a wand of acid (10)
 D - a wand of digging (4)
Scrolls
 b - a scroll of magic mapping
 h - a scroll of blinking
 k - 2 scrolls of summoning
 l - a scroll of silence
 q - a scroll of vulnerability
 s - a scroll of enchant armour
 w - 2 scrolls of teleportation
 C - a scroll of immolation
 E - a scroll of enchant weapon
Potions
 f - a potion of curing
 p - 2 potions of lignification
 z - 2 potions of might
 B - a potion of attraction
 I - a potion of berserk rage


   Skills:
 - Level 9.2 Fighting
 * Level 8.1(8.4) Short Blades
 - Level 3.2(6.5) Long Blades
 - Level 7.5 Axes
 - Level 4.0 Staves
 - Level 3.6 Throwing
 - Level 7.4 Armour
 - Level 7.5 Dodging
 - Level 7.4 Shields


You had 9 spell levels left.
You didn't know any spells.
Your spell library was empty.

Dungeon Overview and Level Annotations

Branches:
Dungeon (9/15)             Temple (1/1) D:4            Lair (0/6) D:8
    Orc (1/2) D:9

Altars:
Ashenzari
Dithmenos
Elyvilon
Fedhas
Gozag
Hepliaklqana
Kikubaaqudgha
Makhleb
Nemelex Xobeh
Okawaru
Qazlal
Ru
Sif Muna
Trog
Uskayaw
Vehumet
Wu Jian
Xom
Zin
The Shining One

Shops:
D:2 ?   D:9 *


Innate Abilities, Weirdness & Mutations

You have a pair of horns on your head.
You reflexively headbutt those who attack you in melee.
Your magical capacity is low. (-10% MP)


Message History

You feel yourself slow down.
Things that are here:
a +0 mace; a +0 leather armour You feel the effects of Trog's Hand fading.
There is a staircase back to the Dungeon, spattered with blood here.
You start waiting.
Your skin stops crawling.
You feel less strong-willed.
You start waiting.
You feel yourself speed up.
You start waiting.
An orc warlord comes into view.
It is wielding a +2 great mace of draining.
An orc warlord is nearby!
An orc warlord is nearby!
The orc warlord shouts!
You hear a shout!
The orc warlord roars a battlecry!
You climb upwards.
Welcome back to the Dungeon!
There is a staircase to the Orcish Mines, spattered with blood here.
You start waiting.
You recover from your berserk rage.
You climb downwards.
Welcome back to the Orcish Mines!
The orc warlord hits you with a +2 great mace of draining!!!
You partially resist.
You feel drained.
The orc warlord hits you with a +2 great mace of draining!!
You partially resist.
You feel drained.
* * * LOW HITPOINT WARNING * * *
You hear a shout! x2
There is a staircase back to the Dungeon, spattered with blood here.
Blink to where?
Press: ? - help, Dir - move target An orc warrior and 2 orcs come into view.
As you read the scroll of blinking, it crumbles to dust.
The orc shouts!
The orc warrior shouts!
The orc shouts!
You hear a shout! x2
The orc warrior hits you from afar with a +0 glaive!
* * * LOW HITPOINT WARNING * * *
The orc barely misses you.
An orc comes into view. It is wielding a +0 hand axe.
An orc warrior comes into view. It is wielding a +0 scimitar.
You feel better.
The orc warrior hits you from afar with a +0 glaive!!
You die...

#o o# .## #### ..#
##...o ..## #....o#
...#.#
###.....#o...#
##....#..@...#
#.....#.....#....
##.....##....... .
###.................
#...$.#...........##
##...#.[...........
#.....)o...........
##.##[<[#.....#....
#..####.###


You could see an orc warlord, 2 orc warriors and 3 orcs.

Vanquished Creatures
  A two-headed ogre (D:9)
  Pikel (D:9)
  An ugly thing (D:7)
  Maggie (D:8)
  Prince Ribbit (D:8)
  Sigmund (D:4)
  A shadow (D:9)
  A wyvern (D:8)
  Grum (D:8)
  A steam dragon (D:7)
  4 vampire mosquitoes (D:9)
  2 water moccasins
  An acid dragon (D:9)
  A hornet zombie (D:7)
  3 orc warriors
  An ice beast (D:7)
  A necrophage (D:7)
  2 ogres
  4 wolves (D:8)
  5 centaurs
  A phantom (D:9)
  A lemure (D:9)
  3 bullfrogs
  2 kobold brigands
  2 gnoll sergeants
  A wyvern zombie (D:7)
  3 scorpions
  3 troll zombies (D:9)
  4 wights (D:8)
  A vampire bat (D:3)
  4 howler monkeys
  5 hounds
  2 orc priests
  A gnoll shaman (D:7)
  Crazy Yiuf (D:2)
  Ijyb (D:3)
  A bullfrog skeleton (D:5)
  Natasha (thrice) (D:2)
  4 iguanas
  5 orc wizards
  5 ogre zombies (D:9)
  A howler monkey zombie (D:9)
  Robin (D:2)
  14 gnolls
  7 adders
  3 shadow imps
  A white imp (D:5)
  An ufetubus (D:5)
  2 worms (D:4)
  3 dart slugs
  17 orcs
  4 ball pythons
  9 endoplasms
  5 giant cockroaches
  14 goblins
  9 hobgoblins
  8 jackals
  25 kobolds
  3 quokkas
  7 bats
  4 frilled lizards
  A goblin skeleton (D:9)
  A hobgoblin skeleton (D:9)
  A hobgoblin zombie (D:9)
  3 orc skeletons (D:9)
  19 orc zombies (D:9)
  2 rats
252 creatures vanquished.

Vanquished Creatures (others)
  A gnoll (D:7)
  7 plants (D:6)
8 creatures vanquished.

Grand Total: 260 creatures vanquished

Notes
Turn   | Place    | Note
-------+----------+-------------------------------------------
     0 | D:1      | JhonaSan2K the Minotaur Fighter began the quest for the
                  | Orb.
     0 | D:1      | Reached XP level 1. HP: 19/19 MP: 0/0
   202 | D:1      | Reached XP level 2. HP: 27/27 MP: 1/1
   354 | D:1      | Reached skill level 1 in Dodging
   440 | D:1      | Reached skill level 4 in Fighting
  1304 | D:2      | Reached XP level 3. HP: 30/33 MP: 2/2
  1445 | D:2      | Found Aczig's Magic Scroll Shoppe.
  1531 | D:2      | Noticed Natasha
  1536 | D:2      | Killed Natasha
  1564 | D:2      | Reached XP level 4. HP: 40/40 MP: 3/3
  1574 | D:2      | Noticed Robin
  1583 | D:2      | Killed Robin
  1671 | D:2      | Found a faded altar of an unknown god.
  1703 | D:2      | Noticed Natasha
  1714 | D:2      | Killed Natasha
  2104 | D:2      | Found a runed translucent door.
  2105 | D:2      | Noticed Crazy Yiuf
  2117 | D:2      | Killed Crazy Yiuf
  2118 | D:2      | Reached XP level 5. HP: 12/47 MP: 1/4
  2593 | D:2      | Noticed Natasha
  2602 | D:2      | Killed Natasha
  3031 | D:3      | Found a bloodstained altar of Trog.
  3060 | D:3      | Became a worshipper of Trog the Wrathful
  3364 | D:3      | Reached skill level 5 in Fighting
  3405 | D:3      | Noticed Ijyb
  3413 | D:3      | Killed Ijyb
  3541 | D:3      | Reached XP level 6. HP: 56/56 MP: 5/5
  3884 | D:4      | Noticed Sigmund
  3929 | D:4      | Found a burning altar of Makhleb.
  4047 | D:4      | Found a shimmering blue altar of Sif Muna.
  4051 | D:4      | Found a sacrificial altar of Ru.
  4051 | D:4      | Found a hide-covered altar of Uskayaw.
  4166 | D:4      | Killed Sigmund
  4167 | D:4      | Reached skill level 5 in Axes
  4625 | D:4      | Found a staircase to the Ecumenical Temple.
  4687 | D:4      | Reached XP level 7. HP: 62/62 MP: 6/6
  4724 | D:4      | Reached * piety under Trog
  4770 | D:4      | Gained mutation: Your magical capacity is low. (-10% MP)
                  | [potion of mutation]
  5066 | D:4      | Reached skill level 6 in Fighting
  5686 | Temple   | Entered the Ecumenical Temple
  5769 | D:5      | Entered Level 5 of the Dungeon
  5909 | D:5      | Reached skill level 5 in Armour
  5909 | D:5      | Reached skill level 5 in Shields
  6317 | D:5      | Found an ornate altar of the Wu Jian Council.
  6519 | D:5      | Reached XP level 8. HP: 59/71 MP: 6/6
  7021 | D:6      | Reached skill level 5 in Dodging
  7352 | D:6      | Reached skill level 7 in Fighting
  7352 | D:6      | Reached skill level 1 in Short Blades
  7352 | D:6      | Reached skill level 1 in Staves
  7352 | D:6      | Reached skill level 1 in Throwing
  7513 | D:6      | Reached ** piety under Trog
  7979 | D:7      | Noticed a white ugly thing
  7987 | D:7      | Killed a white ugly thing
  8360 | D:7      | Reached XP level 9. HP: 80/80 MP: 7/7
  8506 | D:7      | Reached skill level 8 in Fighting
  8717 | D:7      | Found a sparkling altar of Nemelex Xobeh.
  9143 | D:8      | Noticed Grum
  9151 | D:8      | Killed Grum
  9367 | D:8      | Noticed Maggie
  9377 | D:8      | Killed Maggie
  9702 | D:8      | Found a staircase to the Lair.
  9831 | D:8      | Noticed Prince Ribbit
  9843 | D:8      | Killed Prince Ribbit
  9844 | D:8      | Reached XP level 10. HP: 64/90 MP: 8/8
 10046 | D:8      | Reached skill level 1 in Long Blades
 10283 | D:9      | Noticed a two-headed ogre
 10296 | D:9      | Killed a two-headed ogre
 10297 | D:9      | Reached skill level 9 in Fighting
 10344 | D:9      | Noticed Pikel
 10364 | D:9      | Killed Pikel
 10415 | D:9      | Identified the +12 rapier of Dishonesty {vamp, Fragile
                  | rElec rN+ Str+8}
 10768 | D:9      | Found a staircase to the Orcish Mines.
 10790 | D:9      | Reached skill level 5 in Short Blades
 10906 | Orc:1    | Entered Level 1 of the Orcish Mines
 10924 | D:9      | Reached *** piety under Trog
 11156 | D:9      | Found Yrghuig's Serpentskin Sales.
 11978 | Orc:1    | Noticed an orc warlord
 11988 | Orc:1    | Mangled by an orc warrior

Illustrated notes

Levels and vault maps discovered:
D:1:      eino_arrival_cavern_b, layout_basic
D:2:      layout_basic, serial_shops, shop,
          hellmonk_ecumenical_altar_leap_of_faith, bh_walls_and_bars,
          uniq_natasha, uniq_robin, uniq_crazy_yiuf_cottage
D:3:      layout_basic, nicolae_overflow_crystal_walls, minivault_23,
          st_stairs_6, roderic_batcave, hangedman_glass_teeth,
          roderic_lattice_a, uniq_ijyb
D:4:      layout_loops_ring, grunt_temple_overflow_open,
          minmay_temple_entry_gardened_gates, uniq_sigmund
D:5:      layout_loops_cross, nzn_wu_jian_council_hall
D:6:      kennysheep_kobold_camp, layout_gridville
D:7:      layout_loops_ring, nemelex_xobeh_ov_fountains_minmay, serial_aquarium,
          aquarium_bridge_long_separate [aquarium_subvault_balcony,
          aquarium_subvault_bridge, aquarium_subvault_wall,
          aquarium_subvault_wall, aquarium_subvault_bridge,
          aquarium_subvault_bridge], aquarium_window_fake, aquarium_window_1,
          aquarium_view_2c, aquarium_balcony_5a
D:8:      layout_basic, lair_entry_dummy, uniq_grum, uniq_prince_ribbit1,
          uniq_maggie
D:9:      layout_cave_pods, zombieorc2_lemuel, minmay_misc_feat_ornament,
          guppyfry_shop_venom, uniq_pikel
Temple:   cyrus_circular_temple
Orc:1:    layout_diamond_mine, special_room [special_room_orc]

Skill      XL: |  1  2  3  4  5  6  7  8  9 10 |
---------------+-------------------------------+-----
Dodging        | 1 2 3 4 6 7 |  7.5
Fighting       | 4 5 6 7 8 9 |  9.2
Axes           | 3 4 5 6 7 |  7.5
Shields        | 4 5 6 7 |  7.4
Armour         | 4 5 6 7 |  7.4
Short Blades   | 2 3 8 |  8.1
Staves         | 2 3 4 |  4.0
Throwing       | 1 3 |  3.6
Long Blades    | 3 |  3.2

Action                   |  1- 3 |  4- 6 |  7- 9 | 10-12 || total
-------------------------+-------+-------+-------+-------++-------
Melee: War axe           |    48 |   130 |   253 |       ||   431
       Headbutt          |     8 |    16 |    45 |    32 ||   101
       Long sword        |       |       |     7 |    32 ||    39
       Rapier            |       |       |       |   121 ||   121
Throw: Stone             |       |       |     2 |       ||     2
Invok: Berserk           |       |       |     6 |     5 ||    11
       Trog's Hand       |       |       |     4 |     4 ||     8
Evoke: Wand              |       |       |     1 |       ||     1
  Use: Potion            |       |     1 |     4 |     1 ||     6
       Scroll            |       |       |    11 |     6 ||    17
 Stab: Sleeping          |       |       |     1 |       ||     1
       Distracted        |       |       |       |     1 ||     1
Armor: Scale mail        |    26 |    17 |       |       ||    43
       Ring mail         |       |    35 |   110 |    44 ||   189
Dodge: Dodged            |    15 |    60 |   163 |   125 ||   363
Block: Buckler           |    11 |    24 |    91 |    61 ||   187
